 Dungeon Sprint DCSS version 0.28.0-45-g0d030f2227 (webtiles) character file.

Game seed: 6637674413712273792

349 McKennaii the Skirmisher (level 6, 0/61 HPs)
             Began as a Demigod Fighter on Apr 18, 2022.
             Succumbed to a water moccasin's poison
             ... in the Dungeon (Sprint II: "The Violet Keep of Menkaure").
             The game lasted 00:00:42 (639 turns).

McKennaii the Skirmisher (Demigod Fighter)           Turns: 639, Time: 00:00:43

Health: 0/61       AC:  8    Str: 25    XL:     6   Next: 11%
Magic:  8/8        EV:  9    Int: 10    God:
Gold:   486        SH:  4    Dex: 13    Spells: 5/5 levels left

rFire   . . .      SeeInvis .   a - +0 trident
rCold   . . .      Faith    .   c - +0 buckler
rNeg    . . .      Spirit   .   b - +0 scale mail
rPois   .          Reflect  .   (no helmet)
rElec   .          Harm     .   (no cloak)
rCorr   .          Rampage  .   (no gloves)
Will    .....      NoTele   +   (no boots)
Stlth   ..........              (no amulet)
HPRegen 0.20/turn               (no ring)
MPRegen 0.11/turn               (no ring)

@: lethally poisoned (0 -> -2)
A: high MP 1, forlorn, divine attributes
a: no special abilities


You were in the Dungeon.
You visited 1 branch You collected 486 gold pieces.

Inventory:

Hand Weapons
 a - a +0 trident (weapon)
Armour
 b - a +0 scale mail (worn)
 c - a +0 buckler (worn)
Scrolls
 j - a scroll of blinking
Potions
 d - a potion of might
 e - a potion of curing
 f - a potion of heal wounds
 g - a potion of haste
 h - 2 potions of magic
 i - a potion of berserk rage


   Skills:
 + Level 7.7 Fighting
 + Level 7.3 Polearms
 + Level 7.7 Armour
 - Level 2.6 Shields


You had 5 spell levels left.
You didn't know any spells.
Your spell library was empty.

Dungeon Overview and Level Annotations

Branches:
Dungeon (1/1)

Shops:
D (?=(!=*


Innate Abilities, Weirdness & Mutations

You have an increased reservoir of magic. (+10% MP)
You shall have no god before yourself.
Your divine heritage dramatically boosts your attributes as you level up.


Message History

Aim: a water moccasin (about 54% to evade your +0 trident)
You closely miss the water moccasin. The water moccasin bites you.
You completely miss the water moccasin. The water moccasin barely misses you.
The water moccasin bites you.
You miss the water moccasin. The water moccasin bites you.
You are poisoned.
The water moccasin poisons you!
You closely miss the water moccasin.
You feel very sick. The water moccasin bites you.
You closely miss the water moccasin.
You feel sick. The water moccasin bites you. x2
You hit the water moccasin.
The water moccasin is lightly wounded.
You feel sick. You block the water moccasin's attack.
You miss the water moccasin.
The water moccasin is lightly wounded.
You feel sick. The water moccasin bites you.
* * * LOW HITPOINT WARNING * * *
You puncture the water moccasin!
The water moccasin is heavily wounded.
You feel sick. You block the water moccasin's attack.
The water moccasin bites you.
* * * LOW HITPOINT WARNING * * *
You hit the water moccasin but do no damage.
The water moccasin is heavily wounded.
You feel sick. The water moccasin bites you!
* * * LOW HITPOINT WARNING * * *
You miss the water moccasin.
The water moccasin is heavily wounded.
The water moccasin barely misses you.
You miss the water moccasin.
The water moccasin is heavily wounded.
* * * LOW HITPOINT WARNING * * *
You feel sick.
The water moccasin bites you but does no damage.
The water moccasin misses you.
You closely miss the water moccasin.
The water moccasin is heavily wounded.
You die... .∩...#≈ .. .. ∩.∩..#≈ ### B#B

.∩.⌠.#≈##.# #+#
∩.∩..#≈#.####.##
+≈'##.'.<.+
.....#≈#...##.##
▓▓▓###≈##.###†##
######≈
####..S## ##
#..#@.# ##.#.##
##+##


You could see a water moccasin.

Vanquished Creatures
  4 necrophages (D)
  3 worms (D)
7 creatures vanquished.

Notes
Turn   | Place    | Note
-------+----------+-------------------------------------------
     0 | D        | McKennaii the Demigod Fighter began the quest for the Orb.
     0 | D        | Reached XP level 1. HP: 18/18 MP: 3/3
     1 | D        | Noticed a boulder beetle
     1 | D        | Noticed a boulder beetle
   266 | D        | Found Fewoav's Distillery.
   266 | D        | Found Mojaj's Jewellery Boutique.
   266 | D        | Found Entuan's Weapon Shop.
   267 | D        | Found Ivinwir's Assorted Antiques.
   267 | D        | Found Yxouhuamyd's Jewellery Boutique.
   267 | D        | Found Uffoc's Magic Scroll Shop.
   267 | D        | Found Immo's Antique Weapon Boutique.
   275 | D        | Reached XP level 2. HP: 14/26 MP: 4/4
   419 | D        | Noticed a necrophage
   419 | D        | Noticed a necrophage
   419 | D        | Noticed a necrophage
   419 | D        | Noticed a necrophage
   430 | D        | Killed a necrophage
   431 | D        | Reached skill level 5 in Fighting
   431 | D        | Reached skill level 5 in Armour
   431 | D        | Reached XP level 3. HP: 10/36 MP: 5/5
   431 | D        | Reached XP level 4. HP: 11/42 MP: 6/6
   437 | D        | Killed a necrophage
   438 | D        | Reached XP level 5. HP: 12/51 MP: 7/7
   449 | D        | Killed a necrophage
   453 | D        | Killed a necrophage
   454 | D        | Reached XP level 6. HP: 9/61 MP: 8/8
   625 | D        | Noticed a water moccasin
   636 | D        | HP: 1/61 [water moccasin (7)]
   639 | D        | Succumbed to a water moccasin's poison

Illustrated notes

Levels and vault maps discovered:
D:        the_violet_keep_of_menkaure [sprint2_stairs_cluster_1,
          sprint2_shoproom, sprint2_temple, sprint2_basic_supplies,
          sprint2_obstacle_2, sprint2_obstacle_5, sprint2_obstacle_1,
          sprint2_obstacle_7, sprint2_obstacle_3, sprint2_timed_cluster_1,
          sprint2_smallroom_cluster_1, sprint2_smallroom_final_cluster_1,
          sprint2_transparent_cluster_1, sprint2_second_timed_cluster_1,
          sprint2_sniper_area_1, sprint2_heavy_combat_area_1,
          sprint2_mutation_trap_area_1, sprint2_forest_area_1,
          sprint2_light_combat_area_1, sprint2_behind_water_1,
          sprint2_near_end_vault_1]

Skill      XL: |  1  2  3  4  5 |
---------------+----------------+-----
Fighting       | 3 5 6 7 |  7.7
Polearms       | 2 4 6 7 |  7.3
Armour         | 3 5 6 7 |  7.7
Shields        | |  2.6

Action                   |  1- 3 |  4- 6 || total
-------------------------+-------+-------++-------
Melee: Trident           |    38 |    35 ||    73
Armor: Scale mail        |     3 |     7 ||    10
Dodge: Dodged            |    10 |     8 ||    18
Block: Buckler           |     2 |     7 ||     9
